 Dungeon Crawl Stone Soup version 0.22-a0-305-gd21a89c (webtiles) character file.

23 Borgoz the Skirmisher (level 2, 0/26 HPs)
             Began as a Ghoul Abyssal Knight on Mar 31, 2018.
             Was a Follower of Lugonu.
             Slain by a bullfrog zombie (2 damage)
             ... on level 2 of the Dungeon.
             The game lasted 00:01:32 (1107 turns).

Borgoz the Skirmisher (Ghoul Abyssal Knight)        Turns: 1107, Time: 00:01:33

Health: 0/26       AC:  3    Str: 15    XL:     2   Next: 95%
Magic:  2/2        EV: 11    Int:  7    God:    Lugonu [*.....]
Gold:   126        SH:  0    Dex:  8    Spells: 1/1 levels left

rFire    . . .     SeeInvis .     - Unarmed
rCold    + . .     Gourm    .   (no shield)
rNeg     + + +     Faith    .   a - +0 leather armour
rPois    ∞         Spirit   .   (no helmet)
rElec    .         Reflect  .   (no cloak)
rCorr    .         Harm     .   (no gloves)
MR       .....                  (no boots)
Stlth    +.........             (no amulet)
HPRegen  0.00/turn              (no ring)
MPRegen  0.08/turn              (no ring)

@: rotting
A: rotting body, claws 1, carnivore, cold resistance 1, negative energy
resistance 3, inhibited regeneration, torment resistance, unbreathing
a: Depart the Abyss, Renounce Religion


You were on level 2 of the Dungeon.
You worshipped Lugonu.
Lugonu was aware of your devotion.
You were not hungry.

You visited 1 branch of the dungeon, and saw 2 of its levels.
You visited the Abyss 1 time.

You collected 126 gold pieces.

Inventory:

Armour
 a - a +0 leather armour (worn)
Scrolls
 c - a scroll of teleportation {unknown}
 d - 2 scrolls of blinking {unknown}
 h - a scroll of noise {unknown}
 i - 3 scrolls of enchant weapon {unknown}
Potions
 e - a potion of haste {unknown}
 f - a potion of brilliance {unknown}
Comestibles
 b - 4 rations


   Skills:
 + Level 3.5 Fighting
 + Level 2.1 Armour
 + Level 1.3 Dodging
 + Level 2.5 Unarmed Combat
 + Level 2.3 Invocations


You had one spell level left.
You didn't know any spells.

Dungeon Overview and Level Annotations

Branches:
Dungeon (2/15)

Altars:


Innate Abilities, Weirdness & Mutations

Your body is rotting away.
You thrive on raw meat.
You are immune to poison.
You have sharp fingernails.
You are carnivorous and can eat meat at any time.
Your flesh is cold resistant. (rC+)
You are immune to negative energy. (rN+++)
You do not regenerate when monsters are visible.
You are immune to unholy pain and torment.
You can survive without breathing.


Message History

The bullfrog zombie hits you.
You are too injured to fight recklessly!
You are too injured to fight recklessly!
You are too injured to fight recklessly!
You are too injured to fight recklessly!
You scratch the bullfrog zombie.
The bullfrog zombie is severely damaged.
The bullfrog zombie hits you. The bullfrog zombie barely misses you.
You claw the bullfrog zombie!
The bullfrog zombie is almost destroyed.
The bullfrog zombie hits you.
* * * LOW HITPOINT WARNING * * *
You scratch the bullfrog zombie.
The bullfrog zombie is almost destroyed.
The bullfrog zombie hits you.
* * * LOW HITPOINT WARNING * * *
You completely miss the bullfrog zombie.
The bullfrog zombie is almost destroyed.
The bullfrog zombie hits you.
You die...

#.#.#.#..#.#
###...#....#.#
#............#
#....>#.##.###
##..........#
)......#.#..#
............#
......).##.##
...#..#@##.#
.....#Z##.#
..... #.##.#
.... #.##.# ..
..#### . #.#
#.# ..#


You could see a bullfrog zombie.

Vanquished Creatures
  2 dart slugs (D:1)
  7 hobgoblins
  A ball python (D:1)
  2 bats (D:1)
  A frilled lizard (D:1)
  3 kobolds (D:1)
  3 rats (D:1)
19 creatures vanquished.

Notes
Turn   | Place    | Note
-------+----------+-------------------------------------------
     0 | Abyss:1  | Borgoz the Ghoul Abyssal Knight began the quest for the Orb.
     0 | Abyss:1  | Reached XP level 1. HP: 19/19 MP: 1/1
    29 | Abyss:2  | Found a corrupted altar of Lugonu.
    33 | Abyss:2  | Found a shimmering altar of Xom.
    53 | Abyss:2  | Found a corrupted altar of Lugonu.
    63 | Abyss:2  | Found a hazy altar of Hepliaklqana.
    67 | Abyss:2  | Noticed a tentacled starspawn
    82 | D:1      | Escaped the Abyss
   101 | D:1      | Noticed a minotaur zombie
   177 | D:1      | Reached skill level 1 in Dodging
   326 | D:1      | Reached XP level 2. HP: 26/26 MP: 2/2
   378 | D:1      | Reached * piety under Lugonu
  1107 | D:2      | Slain by a bullfrog zombie

Vault maps used:
D:1:      shiori_arrival_whats_in_store_for_you
D:2:      first_ration, kennysheep_generic_room_8

Skill      XL: |  1  2 |
---------------+-------+-----
Dodging        | 1 |  1.3
Armour         | 2 |  2.1
Fighting       | |  3.5
Unarmed Combat | |  2.5
Invocations    | |  2.3

Action                   || total
-------------------------++-------
Melee: Unarmed           ||    72
       Punch             ||     3
Invok: Depart the Abyss  ||     1
  Eat: Chunk             ||     3
Armor: Leather armour    ||    25
Dodge: Dodged            ||    42

Table legend:
 A = Spawn XP
 B = Non-spawn XP
 C = Spawn XP percentage of total XP
 D = Spawn monster count
 E = Non-spawn monster count
 F = Spawn count percentage of total count
 G = Total turns spent on level
                    A         B        C        D         E        F      G
               +---------+---------+-------+---------+---------+-------+---------
         Total |       0 |      33 |   0.0 |       0 |      19 |   0.0 |  1107
               +---------+---------+-------+---------+---------+-------+---------
           D:1 |       0 |      29 |   0.0 |       0 |      17 |   0.0 |   902
           D:2 |       0 |       4 |   0.0 |       0 |       2 |   0.0 |   123
               +---------+---------+-------+---------+---------+-------+---------
